[Event "DFMMLV 2024"]
[Site "Braunfels"]
[Date "2024.06.02"]
[Round "5.9"]
[White "Sickmann, Lisa"]
[Black "Voicu-Jagodzinsky, Carmen"]
[Result "1-0"]
[ECO "B28"]
[WhiteElo "1980"]
[BlackElo "2228"]
[Annotator "ChessBase"]
[PlyCount "154"]
[EventDate "2024.05.30"]
[EventType "team-tourn"]
[EventCountry "GER"]
[SourceTitle "playchess.com"]
[Source "ChessBase"]
[SourceQuality "1"]
[TimeControl "40/5400+30:1800+30"]

1. e4 c5 2. Nf3 a6 3. c3 d5 4. exd5 Qxd5 5. d4 e6 6. Bd3 Nf6 7. Be3 Nbd7 8. O-O Be7 9. Nbd2 O-O 10. Qc2 cxd4 11. cxd4 b5 12. Nb3 Bb7 13. Na5 Rac8 14. Qe2 Ba8 15. Rfd1 Nb6 16. Bg5 h6 17. Bh4 Rfd8 18. Nb3 Qh5 19. Bg3 Bd6 20. Ne5 Qxe2 21. Bxe2 Na4 22. Rab1 Rc2 23. Rd2 Rxd2 24. Nxd2 Ne4 25. Ndf3 Nxg3 26. hxg3 Be4 27. Bd3 Bd5 28. Bc2 Nb6 29. Bb3 Rc8 30. Ra1 a5 31. Bxd5 Nxd5 32. Nd3 a4 33. a3 Rc2 34. Rc1 Rxc1+ 35. Nxc1 Nb6 36. Nd3 f6 37. Nd2 Kf7 38. Ne4 Nc4 39. Nc3 e5 40. d5 Ke7 41. f3 f5 42. Kf2 Bc7 43. Nxb5 Bb6+ 44. Ke2 e4 45. fxe4 fxe4 46. Nf2 e3 47. Nd1 Kf6 48. Nbc3 Ke5 49. Nxa4 Bd4 50. Kd3 e2 51. Kxe2 Kxd5 52. Nac3+ Ke5 53. Kd3 Nd6 54. b4 h5 55. a4 g5 56. a5 h4 57. gxh4 gxh4 58. b5 Nb7 59. a6 Nd6 60. Ne2 Ba7 61. Ndc3 Kf5 62. Nd4+ Kg4 63. Nce2 Bb6 64. Kc3 Ba5+ 65. Kb3 Bb6 66. Kb4 Nf7 67. Nc6 Nd6 68. Ne5+ Kf5 69. Nd7 Bf2 70. b6 Nc8 71. b7 Na7 72. Kc4 Nc6 73. b8=Q Nxb8 74. Nxb8 Ke4 75. Nc6 Bb6 76. Kb5 Be3 77. Ncd4 Kd5 1-0

[Event "DFMMLV 2024"]
[Site "Braunfels"]
[Date "2024.06.02"]
[Round "5.11"]
[White "Braeutigam, Katerina"]
[Black "Trunz, Michelle"]
[Result "1-0"]
[ECO "B40"]
[WhiteElo "1988"]
[BlackElo "2048"]
[Annotator "NA RC"]
[PlyCount "85"]
[EventDate "2024.05.30"]
[EventType "team-tourn"]
[EventCountry "GER"]
[SourceTitle "playchess.com"]
[Source "ChessBase"]
[SourceQuality "1"]
[TimeControl "40/5400+30:1800+30"]

1. e4 c5 2. b3 Nf6 3. e5 Nd5 4. Bb2 e6 5. Nf3 b6 6. g3 Bb7 7. Bg2 Nc6 8. O-O g6 9. c4 Ndb4 10. d4 Nxd4 11. Nxd4 Bxg2 12. Kxg2 cxd4 13. Bxd4 Bg7 14. f4 O-O 15. Bc3 Nc6 16. Qd3 Qc7 17. Nd2 Qb7 18. Kg1 Rfd8 19. Ne4 Ne7 20. g4 Qc6 21. Rad1 Rab8 22. Be1 d5 23. exd6 f5 24. Ng5 Nc8 25. Bb4 Qd7 26. Rfe1 a5 27. Ba3 Re8 28. Rxe6 Rxe6 29. Qd5 b5 30. Nxe6 Nb6 31. Nc5+ Nxd5 32. Nxd7 Rd8 33. Rxd5 Rxd7 34. Rxb5 Bf8 35. c5 Rd8 36. Rxa5 Kf7 37. c6 Bxd6 38. Rd5 Bc7 39. Rxd8 Bxd8 40. gxf5 gxf5 41. Bd6 Bb6+ 42. Kg2 Ke6 43. c7 1-0

[Event "DFMMLV 2024"]
[Site "Braunfels"]
[Date "2024.06.02"]
[Round "5.13"]
[White "Mundt, Alexandra"]
[Black "Trunz, Elena"]
[Result "1/2-1/2"]
[ECO "A04"]
[WhiteElo "1874"]
[BlackElo "2107"]
[Annotator "RC"]
[PlyCount "68"]
[EventDate "2024.05.30"]
[EventType "team-tourn"]
[EventCountry "GER"]
[SourceTitle "playchess.com"]
[Source "ChessBase"]
[SourceQuality "1"]
[TimeControl "40/5400+30:1800+30"]

1. e4 c5 2. Nf3 d6 3. g3 Nc6 4. Bg2 g6 5. d3 Bg7 6. O-O Rb8 7. a4 a6 8. Re1 e5 9. c3 Nge7 10. Bg5 O-O 11. Nbd2 f5 12. b4 cxb4 13. cxb4 h6 14. Bxe7 Nxe7 15. Qb3+ Kh8 16. Rac1 Bd7 17. Nc4 Be6 18. b5 axb5 19. axb5 f4 20. Qb4 Nc8 21. b6 fxg3 22. hxg3 Rf7 23. Rc2 Rd7 24. Rb1 Ne7 25. Na5 d5 26. Rbc1 dxe4 27. dxe4 Rc8 28. Rxc8 Nxc8 29. Nh4 Kh7 30. Rc7 Rxc7 31. bxc7 Qxc7 32. Nxb7 Nb6 33. Nc5 Bg4 34. Nd3 Bf6 1/2-1/2

[Event "DFMMLV 2024"]
[Site "Braunfels"]
[Date "2024.06.02"]
[Round "5.14"]
[White "Freitag, Julia"]
[Black "Rosmait, Emily"]
[Result "1/2-1/2"]
[ECO "A45"]
[WhiteElo "2084"]
[BlackElo "1896"]
[Annotator "ChessBase"]
[PlyCount "84"]
[EventDate "2024.05.30"]
[EventType "team-tourn"]
[EventCountry "GER"]
[SourceTitle "playchess.com"]
[Source "ChessBase"]
[SourceQuality "1"]
[TimeControl "40/5400+30:1800+30"]

1. d4 Nf6 2. e3 g6 3. f4 Bg7 4. Nf3 O-O 5. c3 d6 6. Bc4 c5 7. O-O Qc7 8. Qe2 Nc6 9. Nbd2 cxd4 10. exd4 Bf5 11. Nh4 Bg4 12. Qf2 e5 13. fxe5 dxe5 14. Qg3 Qd7 15. d5 Na5 16. Qxe5 Rfe8 17. Qg3 Nh5 18. Qf2 Nxc4 19. Nxc4 Be2 20. Ne3 Bxf1 21. Qxf1 Nf6 22. c4 b5 23. cxb5 Nxd5 24. Nxd5 Qxd5 25. Nf3 Rac8 26. a4 Rc2 27. a5 Ree2 28. b6 Qc5+ 29. Kh1 Rf2 30. Qd1 Rxg2 31. Qd8+ Bf8 32. Bd2 Qf2 33. b7 Qxf3 34. Qxf8+ Kxf8 35. b8=Q+ Ke7 36. Bb4+ Kd7 37. Qd6+ Kc8 38. Qf8+ Kc7 39. Qd6+ Kc8 40. Qf8+ Kc7 41. Qd6+ Kc8 42. Qf8+ Kc7 1/2-1/2

[Event "DFMMLV 2024"]
[Site "Braunfels"]
[Date "2024.06.02"]
[Round "5.16"]
[White "Schirmbeck, Lilian"]
[Black "Leib, Britta"]
[Result "1/2-1/2"]
[ECO "D60"]
[WhiteElo "1791"]
[BlackElo "1920"]
[Annotator "NA RC"]
[PlyCount "45"]
[EventDate "2024.05.30"]
[EventType "team-tourn"]
[EventCountry "GER"]
[SourceTitle "playchess.com"]
[Source "ChessBase"]
[SourceQuality "1"]
[TimeControl "40/5400+30:1800+30"]

1. d4 e6 2. c4 d5 3. Nc3 Nf6 4. Bg5 Be7 5. Nf3 O-O 6. e3 Nbd7 7. Be2 dxc4 8. Bxc4 a6 9. a4 b6 10. O-O Bb7 11. Qe2 Nd5 12. Bxe7 Qxe7 13. e4 Nb4 14. Rfd1 c5 15. Rac1 cxd4 16. Nxd4 Ne5 17. Bb3 Rfd8 18. Bc2 Nxc2 19. Nxc2 Qc5 20. Ne3 Qb4 21. f3 h6 22. Kh1 Rac8 23. h3 1/2-1/2

[Event "DFMMLV 2024"]
[Site "Braunfels"]
[Date "2024.06.02"]
[Round "5.17"]
[White "Rieseler, Caroline"]
[Black "Jelica, Mara"]
[Result "1/2-1/2"]
[ECO "B81"]
[WhiteElo "2075"]
[BlackElo "2067"]
[Annotator "RC"]
[PlyCount "123"]
[EventDate "2024.05.30"]
[EventType "team-tourn"]
[EventCountry "GER"]
[SourceTitle "playchess.com"]
[Source "ChessBase"]
[SourceQuality "1"]
[TimeControl "40/5400+30:1800+30"]

1. e4 c5 2. Nf3 d6 3. d4 cxd4 4. Nxd4 Nf6 5. Nc3 a6 6. h3 e6 7. g4 Be7 8. g5 Nfd7 9. Be3 Nc5 10. Qd2 b5 11. a3 Bb7 12. Bg2 Nc6 13. f4 Qc7 14. O-O Nxd4 15. Bxd4 e5 16. Be3 exf4 17. Bxf4 Ne6 18. Be3 O-O 19. Nd5 Bxd5 20. exd5 Nc5 21. Rac1 Nd7 22. Bd4 Qd8 23. h4 f6 24. Bh3 Kh8 25. Rce1 Ne5 26. b3 fxg5 27. Rxf8+ Qxf8 28. Bxe5 dxe5 29. Rf1 Qd8 30. h5 Qd6 31. Be6 e4 32. Kg2 Rd8 33. Qc3 Rf8 34. Rxf8+ Bxf8 35. Qg3 Qxg3+ 36. Kxg3 Bxa3 37. Kg4 h6 38. Bc8 e3 39. Kf3 Bc5 40. d6 Bxd6 41. Kxe3 a5 42. Bd7 g6 43. Bxb5 gxh5 44. Be8 h4 45. Kf3 h3 46. Kg4 h2 47. Bc6 Kg7 48. Kf5 Be7 49. Kg4 Kf6 50. Kh3 Bd6 51. Kg4 Ke5 52. c3 Kf6 53. Kh3 h5 54. Kg2 g4 55. b4 axb4 56. cxb4 h4 57. Bd7 g3 58. b5 Bc5 59. Bc8 Ke5 60. Bd7 Kf4 61. Bc8 Ke3 62. Bd7 1/2-1/2

[Event "DFMMLV 2024"]
[Site "Braunfels"]
[Date "2024.06.02"]
[Round "5.19"]
[White "Reinecke, Katharina"]
[Black "Novikova, Margarita"]
[Result "1/2-1/2"]
[ECO "E06"]
[WhiteElo "1949"]
[BlackElo "1999"]
[Annotator "NA RC"]
[PlyCount "26"]
[EventDate "2024.05.30"]
[EventType "team-tourn"]
[EventCountry "GER"]
[SourceTitle "playchess.com"]
[Source "ChessBase"]
[SourceQuality "1"]
[TimeControl "40/5400+30:1800+30"]

1. d4 Nf6 2. Nf3 e6 3. g3 d5 4. Bg2 c6 5. O-O Be7 6. b3 O-O 7. c4 b6 8. Nbd2 Bb7 9. Bb2 dxc4 10. Nxc4 c5 11. e3 cxd4 12. Qxd4 Qxd4 13. Nxd4 Bxg2 1/2-1/2

[Event "DFMMLV 2024"]
[Site "Braunfels"]
[Date "2024.06.02"]
[Round "5.20"]
[White "Timofeeva, Galina"]
[Black "Frank, Michelle Viviane"]
[Result "1/2-1/2"]
[ECO "C00"]
[WhiteElo "1981"]
[BlackElo "1899"]
[Annotator "NA RC"]
[PlyCount "29"]
[EventDate "2024.05.30"]
[EventType "team-tourn"]
[EventCountry "GER"]
[SourceTitle "playchess.com"]
[Source "ChessBase"]
[SourceQuality "1"]
[TimeControl "40/5400+30:1800+30"]

1. e4 e6 2. d3 d5 3. Nd2 Nf6 4. Ngf3 Be7 5. g3 c5 6. Bg2 Nc6 7. O-O h6 8. Re1 Qc7 9. c3 b5 10. e5 Nd7 11. d4 cxd4 12. cxd4 Nb4 13. Re3 Qc2 14. Qf1 Qh7 15. Ne1 1/2-1/2

[Event "DFMMLV 2024"]
[Site "Braunfels"]
[Date "2024.06.02"]
[Round "5.21"]
[White "Werner, Rosalie"]
[Black "Valkova, Angelika"]
[Result "0-1"]
[ECO "C24"]
[WhiteElo "1937"]
[BlackElo "2004"]
[Annotator "NA RC"]
[PlyCount "60"]
[EventDate "2024.05.30"]
[EventType "team-tourn"]
[EventCountry "GER"]
[SourceTitle "playchess.com"]
[Source "ChessBase"]
[SourceQuality "1"]
[TimeControl "40/5400+30:1800+30"]

1. e4 e5 2. Nf3 Nc6 3. Bc4 Nf6 4. d3 d5 5. exd5 Nxd5 6. O-O Nb6 7. Bb5 Bd6 8. Re1 f6 9. Nbd2 O-O 10. Nb3 Bg4 11. h3 Bh5 12. c3 a6 13. Bxc6 bxc6 14. d4 exd4 15. Nbxd4 Qd7 16. Be3 Nc4 17. Qb3 Bf7 18. Qc2 Rab8 19. b3 Nxe3 20. Rxe3 Bg6 21. Qe2 c5 22. Nc2 Rfe8 23. Re1 Kf8 24. Na3 Bf4 25. Rxe8+ Rxe8 26. Qc4 Rxe1+ 27. Nxe1 Qd2 28. Qxc5+ Bd6 29. Qe3 Qxe3 30. fxe3 Bxa3 0-1

[Event "DFMMLV 2024"]
[Site "Braunfels"]
[Date "2024.06.02"]
[Round "5.22"]
[White "Gheng, Simona"]
[Black "Pralle, Katharina"]
[Result "1-0"]
[ECO "B01"]
[WhiteElo "1982"]
[BlackElo "1960"]
[Annotator "RC"]
[PlyCount "89"]
[EventDate "2024.05.30"]
[EventType "team-tourn"]
[EventCountry "GER"]
[SourceTitle "playchess.com"]
[Source "ChessBase"]
[SourceQuality "1"]
[TimeControl "40/5400+30:1800+30"]

1. e4 d5 2. exd5 Qxd5 3. d4 Nf6 4. Nf3 Bg4 5. Be2 e6 6. Nbd2 c6 7. c3 Be7 8. h3 Bh5 9. O-O h6 10. Ne5 Bxe2 11. Qxe2 Nbd7 12. Re1 O-O 13. Ndf3 Nb6 14. c4 Qd8 15. Rd1 Nbd7 16. b3 Re8 17. Bb2 Qa5 18. Rd3 Ba3 19. Bxa3 Qxa3 20. b4 Qa6 21. a4 Qb6 22. b5 cxb5 23. axb5 Red8 24. Nxd7 Rxd7 25. Rda3 a5 26. bxa6 Rxa6 27. Rxa6 bxa6 28. c5 Qb5 29. Qxb5 axb5 30. Ra8+ Kh7 31. Rb8 Nd5 32. Rxb5 Nc3 33. Rb2 Kg8 34. Kf1 Kf8 35. g3 Ke7 36. Rb3 Ne4 37. Ke2 Nf6 38. Ne5 Rc7 39. Rb8 Nd7 40. Nxd7 Kxd7 41. Kd3 e5 42. Kc4 exd4 43. Kxd4 f5 44. Kd5 Ke7 45. c6 1-0

[Event "DFMMLV 2024"]
[Site "Braunfels"]
[Date "2024.06.02"]
[Round "5.24"]
[White "Wellenreich, Jenni"]
[Black "Krausse, Vanessa"]
[Result "1-0"]
[ECO "E81"]
[WhiteElo "1831"]
[BlackElo "1753"]
[Annotator "NA RC"]
[PlyCount "86"]
[EventDate "2024.05.30"]
[EventType "team-tourn"]
[EventCountry "GER"]
[SourceTitle "playchess.com"]
[Source "ChessBase"]
[SourceQuality "1"]
[TimeControl "40/5400+30:1800+30"]

1. d4 Nf6 2. c4 g6 3. Nc3 Bg7 4. e4 d6 5. f3 O-O 6. Be3 a6 7. Qd2 Nbd7 8. Nge2 c5 9. Bh6 Rb8 10. Bxg7 Kxg7 11. Nc1 cxd4 12. Qxd4 b5 13. cxb5 axb5 14. Bxb5 Nc5 15. O-O Bd7 16. Bxd7 Qxd7 17. Rb1 Ne6 18. Qd2 Rfc8 19. N1e2 Qa7+ 20. Kh1 Rb7 21. Nf4 Nxf4 22. Qxf4 Rcb8 23. Qd2 Qa6 24. Rfc1 e6 25. b3 d5 26. exd5 Nxd5 27. Nxd5 exd5 28. Rc2 Rd8 29. Qd4+ Kg8 30. Rbc1 Rbb8 31. h3 Rbc8 32. Rxc8 Rxc8 33. Rxc8+ Qxc8 34. a4 Qc1+ 35. Kh2 Qc7+ 36. Kh1 Qc1+ 37. Kh2 Qc7+ 38. f4 h6 39. Qe5 Qb7 40. a5 Qxb3 41. a6 Qb6 42. Qe8+ Kg7 43. Qc8 Qd4 1-0

[Event "DFMMLV 2024"]
[Site "Braunfels"]
[Date "2024.06.02"]
[Round "5.25"]
[White "Korenova, Martina"]
[Black "Miljkovic, Jovana"]
[Result "1-0"]
[ECO "E04"]
[WhiteElo "2152"]
[BlackElo "2026"]
[Annotator "RC"]
[PlyCount "67"]
[EventDate "2024.05.30"]
[EventType "team-tourn"]
[EventCountry "GER"]
[SourceTitle "playchess.com"]
[Source "ChessBase"]
[SourceQuality "1"]
[TimeControl "40/5400+30:1800+30"]

1. d4 Nf6 2. c4 e6 3. Nf3 d5 4. g3 dxc4 5. Bg2 a6 6. Qc2 b5 7. Ne5 Nd5 8. O-O Bb7 9. a3 Bd6 10. e4 Nb6 11. Be3 Nc6 12. f4 O-O 13. Nf3 Na5 14. Nc3 Qc8 15. Rad1 Re8 16. Bh3 Qd8 17. e5 Be7 18. f5 exf5 19. Bxf5 g6 20. e6 gxf5 21. exf7+ Kxf7 22. Qxf5+ Kg8 23. Qg4+ Kh8 24. Ne5 Rf8 25. Rf7 Bf6 26. Bh6 Rg8 27. Qf5 Bg7 28. Bxg7+ Rxg7 29. Rxg7 Kxg7 30. Qg4+ Kf6 31. Rf1+ Ke7 32. Qg7+ Ke6 33. Qf7+ Kd6 34. Rf6+ 1-0

[Event "DFMMLV 2024"]
[Site "Braunfels"]
[Date "2024.06.02"]
[Round "5.26"]
[White "Rieping, Lea"]
[Black "Peglau, Dora"]
[Result "0-1"]
[ECO "D00"]
[WhiteElo "1966"]
[BlackElo "2002"]
[Annotator "RC"]
[PlyCount "98"]
[EventDate "2024.05.30"]
[EventType "team-tourn"]
[EventCountry "GER"]
[SourceTitle "playchess.com"]
[Source "ChessBase"]
[SourceQuality "1"]
[TimeControl "40/5400+30:1800+30"]

1. d4 d5 2. Nc3 Nf6 3. Bf4 g6 4. Nb5 Na6 5. e3 Bg7 6. Nf3 O-O 7. Be2 c6 8. Nc3 Nh5 9. Bg3 c5 10. Bh4 cxd4 11. Nxd4 Nf6 12. O-O Nc5 13. Bf3 Nfe4 14. Nxe4 dxe4 15. Be2 h6 16. c3 Kh7 17. Nb3 Qc7 18. Qd5 Nxb3 19. axb3 f5 20. Rfd1 g5 21. Bg3 e5 22. h4 f4 23. Bh2 Bf5 24. hxg5 hxg5 25. Qd6 Rf7 26. Bc4 Rd7 27. Qxc7 Rxc7 28. Rd6 Rd7 29. Rad1 Rad8 30. Rxd7 Rxd7 31. Rxd7 Bxd7 32. f3 exf3 33. exf4 exf4 34. gxf3 Kg6 35. Kg2 Bc6 36. Be6 Kf6 37. Bc8 b6 38. Bg1 Ke7 39. Bf2 Kd6 40. Bg4 Bd5 41. b4 Be6 42. Bxe6 Kxe6 43. Kh3 Kf5 44. c4 Bxb2 45. c5 bxc5 46. bxc5 Ke6 47. c6 a5 48. Kg4 a4 49. Bc5 a3 0-1

[Event "DFMMLV 2024"]
[Site "Braunfels"]
[Date "2024.06.02"]
[Round "5.27"]
[White "Steinbacher, Claudia"]
[Black "Kramer, Helga"]
[Result "1-0"]
[ECO "E51"]
[WhiteElo "2027"]
[BlackElo "2092"]
[Annotator "RC"]
[PlyCount "101"]
[EventDate "2024.05.30"]
[EventType "team-tourn"]
[EventCountry "GER"]
[SourceTitle "playchess.com"]
[Source "ChessBase"]
[SourceQuality "1"]
[TimeControl "40/5400+30:1800+30"]

1. d4 Nf6 2. c4 e6 3. Nc3 Bb4 4. e3 c5 5. Nf3 d5 6. Bd2 O-O 7. a3 Bxc3 8. Bxc3 Ne4 9. Rc1 cxd4 10. Qxd4 Nxc3 11. Qxc3 dxc4 12. Bxc4 Bd7 13. O-O Bc6 14. Rfd1 Qe7 15. Ne5 Qg5 16. Bf1 Bd5 17. f4 Qf5 18. Bd3 Be4 19. Bxe4 Qxe4 20. Rd4 Qf5 21. Qc7 Nc6 22. Nxc6 bxc6 23. Qxc6 e5 24. Qe4 Qe6 25. Qxe5 Qb3 26. Rb4 Qd3 27. Qc3 Qe2 28. Re1 Qg4 29. Rc4 h6 30. b4 Rfe8 31. Rc7 Re6 32. Rc8+ Rxc8 33. Qxc8+ Kh7 34. Qc2+ Kg8 35. h3 Qh5 36. e4 Qb5 37. Rd1 Rc6 38. Rd8+ Kh7 39. Qd3 Qb6+ 40. Kh2 Rg6 41. Rd4 Qc7 42. e5 Qc6 43. Qe4 Qc7 44. Rd6 Kg8 45. Rxg6 fxg6 46. Qxg6 Qc1 47. Qg3 Qc4 48. f5 Kf7 49. Qg6+ Kf8 50. Qd6+ Ke8 51. e6 1-0

[Event "DFMMLV 2024"]
[Site "Braunfels"]
[Date "2024.06.02"]
[Round "5.29"]
[White "Just, Anita"]
[Black "Hielscher, Ursula"]
[Result "0-1"]
[ECO "C13"]
[WhiteElo "1884"]
[BlackElo "1829"]
[Annotator "NA RC"]
[PlyCount "140"]
[EventDate "2024.05.30"]
[EventType "team-tourn"]
[EventCountry "GER"]
[SourceTitle "playchess.com"]
[Source "ChessBase"]
[SourceQuality "1"]
[TimeControl "40/5400+30:1800+30"]

1. e4 e6 2. d4 d5 3. Nc3 Nf6 4. Bg5 dxe4 5. Bxf6 gxf6 6. Nxe4 f5 7. Ng3 c5 8. Nf3 Nc6 9. c3 cxd4 10. Nxd4 Nxd4 11. Qxd4 Qxd4 12. cxd4 Bb4+ 13. Kd1 Bd7 14. Rc1 Rd8 15. Kc2 Bc6 16. Rd1 Rg8 17. f3 Ke7 18. Ne2 Kf6 19. Nc3 Ba5 20. Rd2 Bb6 21. Ne2 Rd6 22. Kc3 Bb5 23. b3 Bxe2 24. Bxe2 Rxg2 25. h4 Rxd4 26. Rxd4 Bxd4+ 27. Kd3 Bb6 28. a4 Rg8 29. Bd1 Rd8+ 30. Ke2 Rd4 31. Bc2 Ke5 32. Bd1 h5 33. Bc2 Bd8 34. Ke3 Bxh4 35. f4+ Rxf4 36. Bd1 Bf2+ 37. Kd3 h4 38. Bh5 f6 39. Ke2 Bg3 40. Ke3 Rb4 41. Bd1 f4+ 42. Kd3 f3 43. Bxf3 Rxb3+ 44. Ke2 Kf4 45. Bh5 e5 46. Rf1+ Kg5 47. Bf7 Rb2+ 48. Ke3 f5 49. Be6 f4+ 50. Ke4 Re2+ 51. Kf3 Re3+ 52. Kg2 e4 53. Rb1 f3+ 54. Kh3 Re2 55. Rb5+ Kf6 56. Bc4 Rh2+ 57. Kg4 f2 58. Rxb7 Ke5 59. Rxa7 Rh1 60. Rf7 Kd4 61. Bb5 Ra1 62. Rd7+ Ke3 63. Rf7 Kd2 64. Rd7+ Ke1 65. Re7 f1=Q 66. Bxf1 Kxf1 67. Rxe4 Kg2 68. Re2+ Bf2 69. Re4 h3 70. Kg5 h2 0-1

[Event "DFMMLV 2024"]
[Site "Braunfels"]
[Date "2024.06.02"]
[Round "5.30"]
[White "Grabowski, Petra"]
[Black "Kosovska, Olena"]
[Result "1-0"]
[ECO "E73"]
[WhiteElo "1791"]
[BlackElo "1935"]
[Annotator "RC"]
[PlyCount "75"]
[EventDate "2024.05.30"]
[EventType "team-tourn"]
[EventCountry "GER"]
[SourceTitle "playchess.com"]
[Source "ChessBase"]
[SourceQuality "1"]
[TimeControl "40/5400+30:1800+30"]

1. d4 g6 2. e4 Bg7 3. c4 d6 4. Nc3 Nd7 5. Be2 Ngf6 6. Be3 O-O 7. h3 c5 8. d5 a6 9. a4 Qc7 10. Nf3 Ne5 11. Nxe5 dxe5 12. O-O Rd8 13. Qc2 Nd7 14. Bg4 Nf6 15. Be2 Ne8 16. h4 Bd7 17. h5 Rab8 18. h6 Bh8 19. g4 Nd6 20. f3 b5 21. axb5 axb5 22. cxb5 Nxb5 23. Nxb5 Bxb5 24. Bxb5 Rxb5 25. b4 c4 26. Bc5 Bf6 27. Qxc4 Rb7 28. Qc1 e6 29. d6 Qb8 30. g5 Bh8 31. Ra6 f6 32. Qc4 Qc8 33. Rfa1 Qd7 34. Ra7 Re8 35. Rxb7 Qxb7 36. Ra7 Qc6 37. b5 Qc8 38. d7 1-0

[Event "DFMMLV 2024"]
[Site "Braunfels"]
[Date "2024.06.02"]
[Round "5.32"]
[White "Lossin, Charlotte"]
[Black "Peglau, Sarah"]
[Result "0-1"]
[ECO "D05"]
[WhiteElo "1705"]
[BlackElo "1851"]
[Annotator "NA RC"]
[PlyCount "44"]
[EventDate "2024.05.30"]
[EventType "team-tourn"]
[EventCountry "GER"]
[SourceTitle "playchess.com"]
[Source "ChessBase"]
[SourceQuality "1"]
[TimeControl "40/5400+30:1800+30"]

1. d4 d5 2. Nf3 Nf6 3. e3 e6 4. Bd3 c5 5. c3 Nc6 6. Nbd2 cxd4 7. exd4 Bd6 8. O-O O-O 9. Re1 Rb8 10. Ne5 Qc7 11. f4 b5 12. g4 g6 13. Re3 b4 14. Rh3 bxc3 15. bxc3 Nxe5 16. fxe5 Qxc3 17. Nf3 Qxa1 18. exd6 Nxg4 19. Qd2 Ba6 20. Ng5 Bxd3 21. Rxd3 Rfc8 22. Qf4 Qxc1+ 0-1

[Event "DFMMLV 2024"]
[Site "Braunfels"]
[Date "2024.06.02"]
[Round "5.34"]
[White "Kalina, Lena"]
[Black "Albayrak, Berrak"]
[Result "1-0"]
[ECO "E69"]
[WhiteElo "1918"]
[BlackElo "1850"]
[Annotator "NA"]
[PlyCount "87"]
[EventDate "2024.05.30"]
[EventType "team-tourn"]
[EventCountry "GER"]
[SourceTitle "playchess.com"]
[Source "ChessBase"]
[SourceQuality "1"]
[TimeControl "40/5400+30:1800+30"]

1. d4 Nf6 2. c4 g6 3. Nf3 Bg7 4. g3 O-O 5. Bg2 d6 6. Nc3 Nbd7 7. O-O e5 8. h3 c6 9. e4 Re8 10. Be3 exd4 11. Nxd4 Nc5 12. Qc2 Qe7 13. f3 a5 14. Bf2 Nh5 15. Rad1 Bd7 16. Rfe1 Ne6 17. Nxe6 Bxe6 18. b3 Qc7 19. f4 b5 20. Ne2 bxc4 21. bxc4 Rac8 22. Nd4 Bd7 23. Kh2 Nf6 24. Nf3 d5 25. cxd5 cxd5 26. Qxc7 Rxc7 27. exd5 Ne4 28. Bd4 Rc2 29. Bxg7 Kxg7 30. Ne5 Ba4 31. Rxe4 Rxg2+ 32. Kxg2 Bxd1 33. Rd4 Bc2 34. g4 Rd8 35. d6 f5 36. g5 Be4+ 37. Kf2 Kf8 38. d7 Kg7 39. Ra4 Kf8 40. Rxa5 Ke7 41. Ra4 Bd5 42. Rd4 Ke6 43. a4 Be4 44. a5 1-0

[Event "DFMMLV 2024"]
[Site "Braunfels"]
[Date "2024.06.02"]
[Round "5.35"]
[White "Bauer, Laura Sophie"]
[Black "Krasnopeyeva, Julia"]
[Result "1-0"]
[ECO "B42"]
[WhiteElo "1874"]
[BlackElo "1918"]
[Annotator "NA RC"]
[PlyCount "83"]
[EventDate "2024.05.30"]
[EventType "team-tourn"]
[EventCountry "GER"]
[SourceTitle "playchess.com"]
[Source "ChessBase"]
[SourceQuality "1"]
[TimeControl "40/5400+30:1800+30"]

1. e4 c5 2. Nf3 e6 3. d4 cxd4 4. Nxd4 a6 5. Bd3 Bc5 6. Nb3 Ba7 7. O-O d6 8. Qe2 Nf6 9. Be3 Nc6 10. c4 Bxe3 11. Qxe3 O-O 12. Nc3 Re8 13. Qd2 e5 14. Be2 Qe7 15. Rfd1 Rd8 16. Qe3 Be6 17. Nd5 Qf8 18. Qf3 Bxd5 19. cxd5 Ne7 20. Rac1 Rac8 21. Qe3 Ng6 22. g3 Rxc1 23. Rxc1 Rc8 24. f3 Qd8 25. Rxc8 Qxc8 26. Qc3 Qxc3 27. bxc3 Nd7 28. Na5 Nc5 29. Nc4 f5 30. Nxd6 fxe4 31. Nxe4 Nxe4 32. fxe4 Kf7 33. Bh5 Kf6 34. Bxg6 Kxg6 35. c4 b6 36. Kf2 Kf6 37. Ke3 g5 38. Kd3 Ke7 39. c5 bxc5 40. Kc4 Kd6 41. g4 h6 42. h3 1-0

[Event "DFMMLV 2024"]
[Site "Braunfels"]
[Date "2024.06.02"]
[Round "5.36"]
[White "Mader, Lena"]
[Black "Ankerst, Milka"]
[Result "1/2-1/2"]
[ECO "D34"]
[WhiteElo "1902"]
[BlackElo "1954"]
[Annotator "RC"]
[PlyCount "85"]
[EventDate "2024.05.30"]
[EventType "team-tourn"]
[EventCountry "GER"]
[SourceTitle "playchess.com"]
[Source "ChessBase"]
[SourceQuality "1"]
[TimeControl "40/5400+30:1800+30"]

1. c4 e6 2. g3 d5 3. Bg2 Nf6 4. Nf3 c5 5. cxd5 exd5 6. d4 c4 7. O-O Nc6 8. Nc3 Be7 9. Ne5 O-O 10. Nxc6 bxc6 11. e4 dxe4 12. Nxe4 Rb8 13. Qa4 Nxe4 14. Bxe4 Qxd4 15. Bxc6 Bh3 16. Rd1 Qb6 17. Be3 Qxb2 18. Qxc4 a5 19. Bd4 Qb4 20. Qxb4 Bxb4 21. a3 Be7 22. Bg2 Be6 23. a4 h6 24. Rab1 Rb4 25. Rxb4 Bxb4 26. Rc1 Rd8 27. Be3 Bb3 28. Ra1 Kf8 29. Bc6 Rd6 30. Bb5 Ke7 31. Kg2 Bd5+ 32. Kf1 Bf3 33. Be2 Bc6 34. Bf4 Rd7 35. Bg4 Rd8 36. Ke2 Rd4 37. Bh3 Rc4 38. Be3 Be4 39. Bg4 Bc2 40. Bf3 Bc3 41. Bd5 Bxa1 42. Bxc4 Bxa4 43. Bd2 1/2-1/2

[Event "DFMMLV 2024"]
[Site "Braunfels"]
[Date "2024.06.02"]
[Round "5.37"]
[White "Reich, Elisabeth"]
[Black "Braje, Monika"]
[Result "1-0"]
[ECO "A00"]
[WhiteElo "1797"]
[BlackElo "1861"]
[Annotator "NA RC"]
[PlyCount "57"]
[EventDate "2024.05.30"]
[EventType "team-tourn"]
[EventCountry "GER"]
[SourceTitle "playchess.com"]
[Source "ChessBase"]
[SourceQuality "1"]
[TimeControl "40/5400+30:1800+30"]

1. e4 d5 2. Nc3 d4 3. Nce2 e5 4. Ng3 Nf6 5. Nf3 Nbd7 6. Bc4 Bd6 7. O-O h6 8. d3 a6 9. a4 Nb6 10. Bb3 Qe7 11. Nxe5 Bxe5 12. f4 Bg4 13. Qd2 Bxf4 14. Qxf4 Be6 15. Nf5 Bxf5 16. Qxf5 Nbd7 17. Bf4 g6 18. Qa5 b6 19. Qd2 O-O-O 20. Bxh6 Ng4 21. Bf4 Qh4 22. Qe1 Qh5 23. Qg3 Rh7 24. Bxc7 Rdh8 25. h3 Ne3 26. Rxf7 Rxf7 27. Bxf7 Rf8 28. Be6 Qc5 29. Bd6 1-0

[Event "DFMMLV 2024"]
[Site "Braunfels"]
[Date "2024.06.02"]
[Round "5.38"]
[White "Rotermund, Verena"]
[Black "Spiel, Marianne"]
[Result "0-1"]
[ECO "C10"]
[WhiteElo "1765"]
[BlackElo "1890"]
[Annotator "NA RC"]
[PlyCount "114"]
[EventDate "2024.05.30"]
[EventType "team-tourn"]
[EventCountry "GER"]
[SourceTitle "playchess.com"]
[Source "ChessBase"]
[SourceQuality "1"]
[TimeControl "40/5400+30:1800+30"]

1. e4 e6 2. d4 d5 3. Nc3 Nf6 4. Bg5 dxe4 5. Nxe4 Nbd7 6. Nxf6+ Nxf6 7. Nf3 Be7 8. Bd3 h6 9. Bh4 O-O 10. O-O c5 11. dxc5 Bxc5 12. Qe2 Be7 13. Rfd1 Qa5 14. Ne5 Qb4 15. Nc4 Qc5 16. a3 Re8 17. Ne5 Nd5 18. Qh5 Rf8 19. Bg3 Bg5 20. Qf3 Qe7 21. c4 Nb6 22. b3 Bf6 23. Qe4 g6 24. Rac1 Nd7 25. Nxg6 fxg6 26. Bd6 Qf7 27. c5 Bg5 28. f3 Bxc1 29. Bxf8 Nxf8 30. Rxc1 Qf5 31. Qe2 Qf4 32. Re1 Qd4+ 33. Kh1 Bd7 34. b4 Bc6 35. Bb1 Rd8 36. h3 Kg7 37. Ba2 Bd5 38. Bb1 Qf6 39. Qf2 g5 40. b5 Rd7 41. a4 Ng6 42. Qc2 Kf7 43. a5 Rc7 44. Rd1 Rc8 45. Qf2 a6 46. bxa6 bxa6 47. c6 Rxc6 48. Qa7+ Ne7 49. Re1 Qc3 50. Rf1 Qxa5 51. Qd4 Qc3 52. Qa7 Qc4 53. Rg1 Rc7 54. Qb8 Rc8 55. Qe5 Qc3 56. Qe2 a5 57. f4 Qxh3# 0-1